 Dungeon Crawl Stone Soup version 0.26-a0-278-g3b0d5afba5 (webtiles) character file.

Game seed: 15622920966742345882

149 BritishOli the Skirmisher (level 5, -1/42 HPs)
             Began as a Demonspawn Fighter on July 12, 2020.
             Slain by a gnoll
             ... wielding a +0 flail
              (9 damage)
             ... on level 3 of the Dungeon.
             The game lasted 00:02:23 (1403 turns).

BritishOli the Skirmisher (Demonspawn Fighter)      Turns: 1403, Time: 00:02:24

Health: -1/42      AC:  6    Str: 18    XL:     5   Next: 9%
Magic:  5/5        EV:  6    Int:  9    God:
Gold:   148        SH:  0    Dex: 12    Spells: 4/4 levels left

rFire    . . .     SeeInvis .   a - +0 long sword
rCold    . . .     Faith    .   c - +0 kite shield
rNeg     . . .     Spirit   .   b - +0 scale mail
rPois    .         Reflect  .   (no helmet)
rElec    .         Harm     .   (no cloak)
rCorr    .                      (no gloves)
MR       .....                  (no boots)
Stlth    ..........             (no amulet)
HPRegen  0.14/turn              (no ring)
MPRegen  0.09/turn              (no ring)

@: held
A: hooves 1, repulsion field 1, rot immunity
a: no special abilities


You were on level 3 of the Dungeon.
You visited 1 branch of the dungeon, and saw 3 of its levels.

You collected 148 gold pieces.

Inventory:

Hand Weapons
 a - a +0 long sword (weapon)
Armour
 b - a +0 scale mail (worn)
 c - a +0 kite shield (worn)
Jewellery
 e - an uncursed ring of magical power {unknown}
Scrolls
 g - a scroll of amnesia {unknown}
 h - 3 scrolls of identify {unknown}
 i - a scroll of noise {unknown}
 j - a scroll of magic mapping {unknown}
Potions
 d - a potion of might
 f - 2 potions of brilliance {unknown}


   Skills:
 + Level 3.9 Fighting
 + Level 2.7 Long Blades
 + Level 3.5 Armour
 + Level 3.5 Shields


You had 4 spell levels left.
You didn't know any spells.
Your spell library was empty.

Dungeon Overview and Level Annotations

Branches:
Dungeon (3/15)

Altars:


Innate Abilities, Weirdness & Mutations

You have large cloven feet.
You are surrounded by a mild repulsion field. (EV +2)
You are immune to rotting.


Message History

The gnoll closely misses you.
Your scale mail prevents you from hitting the gnoll.
Your kick misses the gnoll.
The gnoll is moderately wounded.
You block the gnoll's attack. The gnoll hits you but does no damage.
The gnoll closely misses you. You block the gnoll's attack.
The rat twitches its whiskers.
You hit the gnoll.
The gnoll is almost dead.
The gnoll hits you with a +0 spear.
You hit the gnoll.
You kill the gnoll!
The gnoll throws a throwing net.
The throwing net hits you.
You become entangled in the net!
You struggle against the net.
The gnoll hits you with a +0 flail!
* * * LOW HITPOINT WARNING * * *
You struggle against the net.
You struggle against the net.
The gnoll hits you with a +0 flail!
You die...

#..........#.#####.#
#.....#..#.#.##....#
#.....##...#.##.####
########.###.##.# .
#...#.##.###
#...#.##...#
...####.#
###.##.####.#
......ggrg@.#
.....#.###### ...
... . #... #... #...
#r.. ....


You could see 3 gnolls and a rat.

Vanquished Creatures
  A hound (D:3)
  Jessica (D:3)
  Natasha (D:2)
  An adder (D:3)
  A gnoll (D:3)
  2 leopard geckos
  An orc (D:3)
  4 bats
  2 giant cockroaches (D:1)
  12 goblins
  7 hobgoblins
  2 jackals (D:1)
  A quokka (D:2)
  A ball python (D:2)
  5 frilled lizards
  A kobold (D:1)
  A rat (D:3)
44 creatures vanquished.

Notes
Turn   | Place    | Note
-------+----------+-------------------------------------------
     0 | D:1      | BritishOli the Demonspawn Fighter began the quest for the
                  | Orb.
     0 | D:1      | Reached XP level 1. HP: 18/18 MP: 1/1
   115 | D:1      | Gained mutation: You are immune to rotting. [demonic
                  | ancestry]
   115 | D:1      | Reached XP level 2. HP: 24/24 MP: 2/2
   478 | D:1      | Reached XP level 3. HP: 29/29 MP: 3/3
   672 | D:2      | Noticed Natasha
   678 | D:2      | Killed Natasha
  1089 | D:2      | You fall into a shaft and drop 1 floor!
  1097 | D:3      | Noticed Jessica
  1106 | D:3      | Killed Jessica
  1106 | D:3      | Gained mutation: You are surrounded by a mild repulsion
                  | field. (EV +2) [demonic ancestry]
  1106 | D:3      | Reached XP level 4. HP: 34/36 MP: 4/4
  1386 | D:3      | Gained mutation: You have large cloven feet. [demonic
                  | ancestry]
  1386 | D:3      | Reached XP level 5. HP: 28/42 MP: 5/5
  1403 | D:3      | Slain by a gnoll

Illustrated notes

Levels and vault maps discovered:
D:1:      psy_arrival_whirlpool, layout_basic
D:2:      layout_loops_cross, lemuel_doored_altar, uniq_natasha
D:3:      layout_basic, feat_on_display, uniq_jessica, uniq_crazy_yiuf_cottage,
          uniq_sigmund

Skill      XL: |  1  2 |
---------------+-------+-----
Long Blades    | 2 |  2.7
Shields        | 3 |  3.5
Armour         | 3 |  3.5
Fighting       | |  3.9

Action                   |  1- 3 |  4- 6 || total
-------------------------+-------+-------++-------
Melee: Long sword        |    93 |    45 ||   138
       Kick              |       |     1 ||     1
Armor: Scale mail        |    47 |    16 ||    63
Dodge: Dodged            |    36 |    18 ||    54
Block: Kite shield       |    36 |    25 ||    61
       Rpst.: Long sword |    11 |     7 ||    18

Table legend:
 A = Non-vault XP
 B = Vault XP
 C = Vault XP percentage of total XP
 D = Non-vault monster count
 E = Vault monster count
 F = Vault count percentage of total count
                 A         B        C        D         E       F
            +---------+---------+-------+---------+---------+-------
      Total |     142 |      72 |  33.6 |      42 |       2 |   4.5
            +---------+---------+-------+---------+---------+-------
        D:1 |      44 |       0 |   0.0 |      24 |       0 |   0.0
        D:2 |      10 |      35 |  77.8 |       6 |       1 |  14.3
        D:3 |      88 |      37 |  29.6 |      12 |       1 |   7.7
            +---------+---------+-------+---------+---------+-------
